 Dungeon Crawl Stone Soup version 0.18-a0-119-g02a7081 (webtiles) character file.

168 Proton the Skirmisher (level 5, -1/47 HPs)
             Began as a Hill Orc Fighter on Nov 19, 2015.
             Was a Follower of Cheibriados.
             Slain by an orc
             ... wielding a +0 club
              (3 damage)
             ... on level 3 of the Dungeon.
             The game lasted 00:02:43 (1599 turns).

Proton the Skirmisher (Hill Orc Fighter)            Turns: 1599, Time: 00:02:43

Health: -1/47      AC:  8    Str: 22    XL:     5   Next: 48%
Magic:  5/5        EV:  7    Int: 14    God:    Cheibriados [*.....]
Gold:   104        SH: 10    Dex: 12    Spells: 0 memorised, 4 levels left

rFire  . . .     SeeInvis .     a - +0 long sword
rCold  . . .     Clarity  .     b - +0 scale mail
rNeg   . . .     SustAt   +     c - +0 shield
rPois  .         Gourm    .     (no helmet)
rElec  .         Spirit   .     s - +0 cloak
rCorr  .         Warding  .     (no gloves)
rMut   .         Stasis   .     (no boots)
MR     .....                    n - amulet of regeneration
Stlth  ..........               o - ring of sustain attributes
                                m - +4 ring of intelligence

@: very slow, not resistant to hostile enchantments, extremely unstealthy
A: no striking features
a: Bend Time, Renounce Religion, Convert to Beogh


You were on level 3 of the Dungeon.
You worshipped Cheibriados.
Cheibriados was aware of your devotion.
You were not hungry.

You visited 1 branch of the dungeon, and saw 3 of its levels.

You collected 104 gold pieces.

Inventory:

Hand Weapons
 a - a +0 long sword (weapon)
Armour
 b - a +0 scale mail (worn)
 c - a +0 shield (worn)
 s - a +0 cloak (worn)
Jewellery
 m - a +4 ring of intelligence (left hand)
 n - an amulet of regeneration (around neck)
 o - a ring of sustain attributes (right hand)
Scrolls
 f - 2 scrolls of remove curse {unknown}
 i - 4 scrolls of identify {unknown}
 j - a scroll of magic mapping {unknown}
 l - a scroll of blinking {unknown}
 r - a scroll of recharging {unknown}
Potions
 d - a potion of might
 g - a potion of lignification {unknown}
 k - a potion of poison {unknown}
 p - a potion of curing
 q - a potion of brilliance {unknown}
Comestibles
 e - 3 bread rations
 h - a slice of pizza


   Skills:
 + Level 4.6 Fighting
 + Level 3.4 Long Blades
 + Level 4.3 Armour
 + Level 4.4 Shields


You had 4 spell levels left.
You didn't know any spells.

Dungeon Overview and Level Annotations

Branches:
Dungeon (3/15)

Altars:
Cheibriados
Dithmenos


Message History

The orc wizard hits you but does no damage.
The orc hits you but does no damage. x2
You barely miss the orc priest.
The orc priest is heavily wounded.
The orc priest miscasts a cantrip.
The orc wizard hits you but does no damage.
You block the orc's attack. The orc hits you but does no damage.
The orc priest barely misses you.
Your shield prevents you from hitting the orc priest.
The orc priest is heavily wounded.
The orc wizard hits you but does no damage.
You block the orc's attack.
The orc priest calls down the wrath of Beogh upon you.
Something smites you!
* * * LOW HITPOINT WARNING * * *
You closely miss the orc priest.
The orc priest is heavily wounded.
You block the orc wizard's attack. You block the orc's attack.
The orc hits you with a club.
You die...

#.............##########....#
.............#(# ##.###
...#............# #.#
................# #.# ..
............# #.# .......#..#
#.# .......#.## #[#
.......#o## #.#
......Ko@.###########.#
.......oo.............#
.......###..###########
....... ##....# ###....
####.# #.... # #...o .....
##..o.


You could see an orc priest, an orc wizard, 2 orcs and a kobold.

Vanquished Creatures
  Crazy Yiuf (D:2)
  Ijyb (D:2)
  Terence (D:2)
  Natasha (thrice) (D:2)
  An adder (D:2)
  An ooze (D:2)
  2 giant geckos (D:1)
  5 orcs
  4 bats
  2 giant cockroaches
  4 goblins
  4 hobgoblins (D:1)
  6 kobolds
  A giant newt (D:2)
  4 rats
40 creatures vanquished.

Notes
Turn   | Place    | Note
--------------------------------------------------------------
     0 | D:1      | Proton the Hill Orc Fighter began the quest for the Orb.
     0 | D:1      | Reached XP level 1. HP: 19/19 MP: 1/1
    82 | D:1      | Reached XP level 2. HP: 24/27 MP: 2/2
   661 | D:2      | Reached XP level 3. HP: 28/33 MP: 3/3
   727 | D:2      | Found a snail-covered altar of Cheibriados.
   738 | D:2      | Became a worshipper of Cheibriados the Contemplative
   772 | D:2      | Found a shadowy altar of Dithmenos.
   972 | D:2      | Noticed Natasha
   983 | D:2      | Killed Natasha
   983 | D:2      | Reached skill level 4 in Fighting
  1006 | D:2      | Noticed Natasha
  1013 | D:2      | Killed Natasha
  1013 | D:2      | Reached XP level 4. HP: 30/40 MP: 4/4
  1281 | D:2      | Noticed Natasha
  1286 | D:2      | Killed Natasha
  1320 | D:2      | Noticed Crazy Yiuf
  1331 | D:2      | Killed Crazy Yiuf
  1440 | D:3      | Noticed Terence
  1441 | D:3      | Noticed Ijyb
  1468 | D:2      | Killed Ijyb
  1468 | D:2      | Reached XP level 5. HP: 38/47 MP: 5/5
  1488 | D:2      | Reached * piety under Cheibriados
  1500 | D:2      | Killed Terence
  1598 | D:3      | HP: 1/47 [orc priest/divine providence (11)]
  1599 | D:3      | Slain by an orc

Vault maps used:
D:1:      saegor_arrival_miasma
D:2:      cheibriados_altar_1, nicolae_dithmenos_shadow_blocks,
          uniq_crazy_yiuf_cottage, uniq_natasha
D:3:      first_bread, uniq_iyjb, uniq_terence

Action                   |  1- 3 |  4- 6 || total
-------------------------+-------+-------++-------
Melee: Long sword        |    93 |   101 ||   194
 Stab: Invisible         |       |     2 ||     2
  Eat: Bread ration      |       |     1 ||     1
       Pizza             |       |     1 ||     1
